 Dungeon Crawl Stone Soup version 0.19-a0-994-g3c636f0 (webtiles) character file.

17640 4thArraOfDagon the Severer (level 12, -5/162 HPs)
             Began as a Minotaur Berserker on July 16, 2016.
             Was a Priest of Trog.
             Slain by a hellwing (7 damage)
             ... on level 3 of the Abyss.
             The game lasted 00:20:56 (3098 turns).

4thArraOfDagon the Severer (Minotaur Berserker)     Turns: 3098, Time: 00:20:57

Health: -5/162     AC: 18    Str: 29    XL:     12   Next: 20%
Magic:  11/11      EV: 11    Int:  6    God:    Trog [***...]
Gold:   372        SH:  0    Dex: 13    Spells: 0 memorised, 11 levels left

rFire  + + .     SeeInvis .     o - +1 war axe
rCold  . . .     Gourm    .     d - +1 chain mail {rF+}
rNeg   + . .     Faith    .     (no shield)
rPois  +         Spirit   .     (helmet unavailable)
rElec  .         Dismiss  .     p - +1 cloak {rPois}
rCorr  .         Reflect  .     (no gloves)
SustAt .         Harm     .     (no boots)
MR     ++...                    (no amulet)
Stlth  ..........               e - ring of positive energy
                                u - +1 ring of evasion

@: berserking, regenerating, very quick, very resistant to hostile enchantments,
extremely unstealthy
A: retaliatory headbutt, horns 3, rugged brown scales 1, agile 1, blurry vision
1, fire resistance 1, shaggy fur 1
a: Berserk, Trog's Hand, Burn Spellbooks, Renounce Religion


You were on level 3 of the Abyss.
You worshipped Trog.
Trog was most pleased with you.
You were not hungry.

You visited 2 branches of the dungeon, and saw 16 of its levels.
You visited the Abyss 1 time.
You also visited: Volcano.

You collected 372 gold pieces.

Inventory:

Hand Weapons
 a - a +0 hand axe
 o - a +1 war axe (weapon)
 t - a +1 halberd of flaming
Armour
 b - a +0 animal skin
 d - a +1 chain mail of fire resistance (worn)
 n - a +0 scale mail
 p - a +1 cloak of poison resistance (worn)
Jewellery
 e - a ring of positive energy (right hand)
 g - an uncursed ring of teleportation
 u - a +1 ring of evasion (left hand)
Wands
 r - a wand of iceblast (2/15)
 x - a wand of flame (19/48)
Scrolls
 i - 3 scrolls of identify
 j - a scroll of teleportation
 m - 2 scrolls of remove curse
Potions
 k - a potion of flight
 l - a potion of resistance
 q - a potion of berserk rage
Miscellaneous
 v - a disc of storms
Comestibles
 c - 3 bread rations
 f - 2 chunks of flesh
 s - 3 meat rations


   Skills:
 - Level 9.4 Fighting
 * Level 17.4 Axes
 + Level 12.9 Armour
 - Level 2.1 Dodging


You had 11 spell levels left.
You didn't know any spells.

Dungeon Overview and Level Annotations

Branches:
Dungeon (12/15)            Temple (0/1) D:6            Lair (6/6) D:11
 Shoals (0/4) Lair:4        Slime (0/5) Lair:5
  Snake: Lair:2-4    Spider: Lair:2-4       Orc: D:9-12

Altars:
Cheibriados
Dithmenos
Elyvilon
Nemelex Xobeh
Qazlal
Ru
Trog

Shops:
D:5 [

Annotations:
Lair:3 crawlian's ghost, journeyman DEFE
Lair:5 exclusion: oklob plant, tstbtto's ghost, journeyman MfGl
Lair:6 exclusion: upstairs


Innate Abilities, Weirdness & Mutations

You reflexively headbutt those who attack you in melee.
You have a pair of large horns on your head.
You are partially covered in rugged brown scales. (AC +1, +3% HP)
You are agile. (Dex +2)
Scrolls take you a little longer to read.
Your flesh is heat resistant. (rF+)
You are covered in fur. (AC +1)


Message History

* * * LOW HITPOINT WARNING * * *
The hellwing hits you but does no damage.
You slice the smoke demon!! Your headbutt misses the smoke demon.
The smoke demon is heavily wounded.
You slash the hellwing!
Your chain mail prevents you from hitting the hellwing.
You are covered in liquid flames!
The smoke demon hits you but does no damage. x3
Unknown command.
Unknown command.
Unknown command.
You slice the smoke demon!!
You kill the smoke demon!
Trog accepts your kill.
You hit the hellwing but do no damage. You barely miss the hellwing.
The hellwing barely misses you.
The hellwing hits you but does no damage.
The hellwing is engulfed in a cloud of scalding steam.
The hellwing barely misses you. The hellwing hits you!
You die...

#####.§
.....≈≈≈≈ #.
..
........≈≈≈≈≈#
## ##...... ≈
≈ ≈.≈≈ #....
...≈≈≈## # #
#....#### ...
# #####'#.#
..#
#....§.§###+##
#....44.......
. #.@§.#...
+..§.§§.#.....
#..........D..
#.....##......
+...... ......
#...... ......
.'...... .....
##..... .#+..


You could see a bone dragon and 2 hellwings.

Vanquished Creatures
  An Executioner (Abyss:3)
  2 hydras
  A hell knight (Volcano)
  Pikel (D:5)
  An ugly thing (D:11)
  A manticore (Lair:4)
  A griffon (Lair:4)
  Maurice (D:8)
  3 elephants (Lair:4)
  2 toenail golems (Volcano)
  2 molten gargoyles (Volcano)
  A black mamba (Lair:4)
  3 smoke demons (Abyss:3)
  3 spiny frogs
  A hellwing (Abyss:3)
  A komodo dragon (Lair:6)
  4 rime drakes (Lair:6)
  An efreet (Abyss:3)
  An ancient zyme (Abyss:3)
  A small abomination (Abyss:3)
  2 raiju (Abyss:3)
  A wraith (Abyss:3)
  9 yaks
  2 fire elementals (Volcano)
  A fire bat (Volcano)
  4 hippogriffs
  4 water moccasins
  3 hell hounds
  2 porcupines (Lair:4)
  A sky beast (D:7)
  2 slaves (D:5)
  A centaur (D:12)
  5 wolves (Lair:4)
  3 crocodiles
  3 giant frogs
  A scorpion (D:11)
  4 killer bees (D:12)
  A quasit (D:12)
  A centaur zombie (D:8)
  2 giant frog zombies
  2 jellies
  2 orc priests (D:3)
  A centaur skeleton (D:5)
  An orc wizard (D:11)
  Jessica (D:8)
  2 giant frog skeletons
  2 iguanas
  Ijyb (D:3)
  A worker ant (D:5)
  A killer bee zombie (D:8)
  6 sheep (Lair:4)
  A hound skeleton (D:8)
  7 gnolls
  5 adders
  7 river rats (Lair:4)
  A shadow imp (D:7)
  An adder skeleton (D:4)
  A worm (D:2)
  A dart slug (D:6)
  2 giant geckos
  13 orcs
  4 giant cockroaches
  A goblin (D:1)
  2 kobolds (D:1)
  2 quokkas
  A ball python (D:4)
  A bat (D:1)
  A giant newt (D:5)
  A quokka zombie (D:5)
  2 rats
  A plant (Lair:4)
159 creatures vanquished.

Vanquished Creatures (others)
  A fungus (Lair:5)
1 creature vanquished.

Grand Total: 160 creatures vanquished

Notes
Turn   | Place    | Note
-------+----------+-------------------------------------------
     0 | D:1      | 4thArraOfDagon the Minotaur Berserker began the quest for the Orb.
     0 | D:1      | Reached XP level 1. HP: 19/19 MP: 0/0
   125 | D:1      | Reached skill level 4 in Axes
   125 | D:1      | Reached XP level 2. HP: 23/27 MP: 1/1
   201 | D:3      | Reached XP level 3. HP: 24/33 MP: 2/2
   268 | D:4      | You fall through a shaft!
   268 | D:5      | Entered Level 5 of the Dungeon
   290 | D:5      | Found a white marble altar of Elyvilon.
   300 | D:5      | Found Vuneor's Antique Armour Boutique.
   355 | D:5      | Found a shadowy altar of Dithmenos.
   356 | D:5      | Found a sacrificial altar of Ru.
   362 | D:5      | Reached ** piety under Trog
   362 | D:5      | Reached skill level 5 in Axes
   362 | D:5      | Reached XP level 4. HP: 37/40 MP: 3/3
   571 | D:3      | Noticed Ijyb
   592 | D:3      | Killed Ijyb
   592 | D:3      | Reached XP level 5. HP: 47/47 MP: 4/4
   595 | D:3      | Reached skill level 6 in Axes
   660 | D:5      | Reached skill level 5 in Fighting
   712 | D:5      | Noticed a slave
   713 | D:5      | Noticed Pikel
   714 | D:5      | Noticed a slave
   715 | D:5      | Noticed a slave
   715 | D:5      | Noticed a slave
   720 | D:5      | Killed a slave
   722 | D:5      | Killed Pikel
   722 | D:5      | Reached skill level 7 in Axes
   722 | D:5      | Reached skill level 5 in Armour
   722 | D:5      | Reached XP level 6. HP: 57/57 MP: 5/5
   722 | D:5      | Reached XP level 7. HP: 62/62 MP: 6/6
   740 | D:5      | Found a bloodstained altar of Trog.
   819 | D:6      | Found a snail-covered altar of Cheibriados.
   884 | D:6      | Reached skill level 8 in Axes
   985 | D:7      | Gained mutation: You are agile. (Dex +2) [mutagenic meat]
   988 | D:7      | Gained mutation: Scrolls take you a little longer to read. [mutagenic meat]
   991 | D:7      | Gained mutation: Your flesh is heat resistant. (rF+) [mutagenic meat]
   994 | D:7      | Lost mutation: You are agile. (Dex +2) [mutagenic meat]
  1067 | D:8      | Found a stormy altar of Qazlal.
  1088 | D:8      | Noticed Maurice
  1145 | D:8      | Gained mutation: You have a pair of large horns on your head. [potion of mutation]
  1145 | D:8      | Gained mutation: Scrolls take you longer to read. [potion of mutation]
  1145 | D:8      | Gained mutation: You are covered in fur. (AC +1) [potion of mutation]
  1180 | D:8      | Killed Maurice
  1180 | D:8      | Reached skill level 9 in Axes
  1180 | D:8      | Reached XP level 8. HP: 73/73 MP: 7/7
  1250 | D:6      | Found a staircase to the Ecumenical Temple.
  1336 | D:8      | Found a sparkling altar of Nemelex Xobeh.
  1336 | D:8      | Noticed Jessica
  1342 | D:8      | Killed Jessica
  1363 | D:8      | You fall through a shaft for 3 floors!
  1376 | D:11     | Found a staircase to the Lair.
  1421 | D:11     | Reached skill level 10 in Axes
  1437 | D:11     | murphy: hi
  1463 | D:11     | murphy: u trying a new highscore with MiBe?
  1470 | D:11     | Reached XP level 9. HP: 45/81 MP: 8/8
  1477 | D:11     | Reached skill level 11 in Axes
  1480 | D:11     | murphy: how much is the turncount?
  1482 | D:11     | HP: 5/121 [something (3)]
  1574 | D:11     | Noticed a red ugly thing
  1583 | D:11     | Killed a red ugly thing
  1599 | D:11     | Lost mutation: Scrolls take you longer to read. [mutagenic meat]
  1602 | D:11     | Gained mutation: You are partially covered in rugged brown scales. (AC +1, +3% HP) [mutagenic meat]
  1605 | D:11     | Gained mutation: You are agile. (Dex +2) [mutagenic meat]
  1633 | Lair:1   | Entered Level 1 of the Lair of Beasts
  1676 | Lair:3   | Noticed crawlian's ghost (journeyman DEFE)
  1694 | Lair:4   | Noticed an elephant
  1694 | Lair:4   | Noticed an elephant
  1694 | Lair:4   | Noticed an elephant
  1702 | Lair:4   | Killed an elephant
  1702 | Lair:4   | Reached skill level 12 in Axes
  1705 | Lair:4   | Killed an elephant
  1706 | Lair:4   | Killed an elephant
  1706 | Lair:4   | Reached XP level 10. HP: 72/93 MP: 9/9
  1782 | Lair:4   | Noticed a manticore
  1786 | Lair:4   | Found a staircase to the Shoals.
  1788 | Lair:4   | Reached skill level 13 in Axes
  1790 | Lair:4   | Noticed a griffon
  1792 | Lair:4   | Killed a manticore
  1792 | Lair:4   | Reached *** piety under Trog
  1803 | Lair:4   | Killed a griffon
  1836 | Lair:4   | Noticed a spiny frog
  1846 | Lair:4   | Killed a spiny frog
  1846 | Lair:4   | Reached skill level 10 in Armour
  1879 | Lair:4   | murphy: i hate spiney frogs
  1885 | Lair:4   | Noticed a spiny frog
  1886 | Lair:4   | Noticed an eight-headed hydra
  1893 | Lair:4   | murphy: when i die in lair it's usually vs these guys
  1907 | Lair:4   | Killed a 12-headed hydra
  1907 | Lair:4   | Reached skill level 14 in Axes
  1912 | Lair:4   | Killed a spiny frog
  1927 | Lair:4   | murphy: omg
  1928 | Lair:4   | murphy: nice
  2066 | Lair:5   | Noticed a six-headed hydra
  2113 | Lair:5   | Noticed a four-headed hydra
  2114 | Lair:5   | murphy: :P
  2120 | Lair:5   | Noticed tstbtto's ghost (journeyman MfGl)
  2120 | Lair:5   | Killed a four-headed hydra
  2120 | Lair:5   | Reached XP level 11. HP: 71/99 MP: 10/10
  2205 | Lair:4   | Reached skill level 15 in Axes
  2313 | Lair:5   | Noticed an oklob plant
  2314 | Lair:5   | Found a staircase to the Slime Pits.
  2332 | Lair:6   | Entered Level 6 of the Lair of Beasts
  2366 | Lair:5   | Noticed a four-headed hydra
  2379 | Lair:6   | Found a dark tunnel.
  2404 | Volcano  | Entered a volcano
  2483 | Volcano  | Found a burning altar of Makhleb.
  2483 | Volcano  | Noticed a hell knight
  2484 | Volcano  | omg
  2492 | Volcano  | murphy: WOW
  2513 | Volcano  | Killed a hell knight
  2678 | Lair:6   | Reached skill level 16 in Axes
  2863 | Lair:6   | Noticed a wizard
  2863 | Lair:6   | Cast into level 3 of the Abyss (a wizard)
  2869 | Abyss:3  | Noticed a long sword of holy wrath
  2902 | Abyss:3  | Noticed an Executioner
  2911 | Abyss:3  | Killed an Executioner
  2911 | Abyss:3  | Reached XP level 12. HP: 23/108 MP: 11/11
  2965 | Abyss:3  | Found a corrupted altar of Lugonu.
  2988 | Abyss:3  | Reached skill level 17 in Axes
  3094 | Abyss:3  | Noticed a bone dragon
  3096 | Abyss:3  | HP: 1/162 [hellwing (9)]
  3098 | Abyss:3  | Slain by a hellwing

Vault maps used:
D:1:      minmay_arrival_arboretum_small
D:2:      first_bread
D:3:      nicolae_overflow_crystal_walls, uniq_sigmund, uniq_iyjb
D:4:      makhleb_grotto_becter, grunt_pakellas_mercury
D:5:      kennysheep_mini_moat, lemuel_doored_altar,
          gammafunk_temple_overflow_pools, serial_shops, shop, uniq_pikel
D:6:      lemuel_crystal_altar, marbit_many_paths, kennysheep_slug_shrine,
          kennysheep_generic_room_12
D:7:      old_standard_altar, serial_shops, kennysheep_mini
D:8:      grunt_qazlal_clouds, david_nohive_1, nicolae_sextant,
          nemelex_lonely_heart_becter, uniq_maurice, uniq_grum
D:11:     minmay_firetagon, minmay_lair_entry_lava, serial_shops,
          nicolae_shop_trees
D:12:     boulder_indie
Lair:2:   spider_nest_entry_a
Lair:3:   zaba_antful_of_joy, lemuel_fruit_tree, serial_bayou_shore_b
Lair:4:   minmay_shoals_entry_beasts, uniq_snorg
Lair:5:   minmay_slime_entry_oklob_open, uniq_josephine
Lair:6:   evil_forest, nicolae_volcano_entry_two_sided
Abyss:3:  hangedman_stitches_earthworm, evilmike_abyss_rune_tso_outpost
Volcano:  volcano_lake

Skill      XL: |  1  2  3  4  5  6  7  8  9 10 11 12 |
---------------+-------------------------------------+-----
Axes           | 4 5 7 9 10 12 14 16 17 | 17.4
Armour         | 3 5 6 7 9 10 12 | 12.9
Fighting       | 4 5 7 9 |  9.4
Dodging        | |  2.1

Action                   |  1- 3 |  4- 6 |  7- 9 | 10-12 || total
-------------------------+-------+-------+-------+-------++-------
Melee: Hand axe          |    46 |    27 |       |       ||    73
       Headbutt          |     6 |     4 |    28 |    63 ||   101
       War axe           |       |    10 |   136 |   235 ||   381
Throw: Throwing net      |       |       |       |     1 ||     1
Invok: Berserk           |       |     2 |     7 |    12 ||    21
       Trog's Hand       |       |     1 |     6 |    17 ||    24
       Burn Spellbooks   |       |       |       |     2 ||     2
Evoke: Wand              |       |       |       |     7 ||     7
  Use: Scroll            |       |       |    14 |     4 ||    18
       Potion            |       |       |     4 |     3 ||     7
 Stab: Sleeping          |     1 |       |       |       ||     1
       Held in net/web   |       |       |       |     2 ||     2
  Eat: Chunk             |       |       |    19 |    21 ||    40
       Beef jerky        |       |       |     1 |     1 ||     2
       Bread ration      |       |       |       |     1 ||     1
Armor: Animal skin       |     5 |       |       |       ||     5
       Scale mail        |     8 |    11 |    69 |    70 ||   158
       Chain mail        |       |       |       |    78 ||    78
Dodge: Dodged            |    34 |    22 |    70 |   108 ||   234
